 Dungeon Crawl Stone Soup version 0.29-a0-410-g9596d59a08 (webtiles) character file.

Game seed: 10124313494099799716

87 Lekart the Skirmisher (level 4, 0/36 HPs)
             Began as a Draconian Chaos Knight on May 14, 2022.
             Was a Plaything of Xom.
             Slain by a hobgoblin (1 damage)
             ... on level 3 of the Dungeon.
             The game lasted 00:03:00 (2164 turns).

Lekart the Skirmisher (Draconian Chaos Knight)      Turns: 2164, Time: 00:03:00

Health: 0/36       AC:  5    Str: 15    XL:     4   Next: 28%
Magic:  4/4        EV: 12    Int: 12    God:    Xom [....*.]
Gold:   58         SH:  0    Dex: 12    Spells: 3/3 levels left

rFire   + . .      SeeInvis .   a - +0 falchion (chaos)
rCold   . . .      Faith    .   (no shield)
rNeg    . . .      Spirit   .   (body armour unavailable)
rPois   .          Reflect  .   (helmet restricted)
rElec   .          Harm     .   (no cloak)
rCorr   .          Rampage  .   (no gloves)
Will    .....                   (no boots)
Stlth   +.........              (no amulet)
HPRegen 0.12/turn               d - ring of protection from fire
MPRegen 0.09/turn               (no ring)

@: no status effects
A: AC +5, unfitting armour, cold-blooded, claws 1, frail 1, inability to read
while threatened
a: Renounce Religion


You were on level 3 of the Dungeon.
You worshipped Xom.
You were a beloved toy of Xom.
You visited 1 branch of the dungeon, and saw 3 of its levels.

You collected 58 gold pieces.

Inventory:

Hand Weapons
 a - a +0 falchion of chaos (weapon)
Jewellery
 d - a ring of protection from fire (left claw)
Potions
 e - a potion of haste {unknown}
Miscellaneous
 b - a piece from Xom's chessboard (9/15) (quivered)


   Skills:
 * Level 4.2 Fighting
 + Level 3.4 Long Blades
 + Level 2.6 Dodging
 * Level 2.0 Evocations


You had 3 spell levels left.
You didn't know any spells.
Your spell library was empty.

Dungeon Overview and Level Annotations

Branches:
Dungeon (3/15)

Altars:

Annotations:
D:1 exclusion: downstairs


Innate Abilities, Weirdness & Mutations

Your plain brown scales are hard. (AC +5)
You cannot fit into any form of body armour.
You are cold-blooded and may be slowed by cold attacks.
You have sharp fingernails.
You are frail. (-10% HP)
You sometimes lose the ability to read scrolls when taking damage.


Message History

The gnoll hits you from afar with a +0 spear.
You feel threatened and lose the ability to read scrolls!
The gnoll completely misses you.
You hit the gnoll. You burn the gnoll.
You kill the gnoll!
The gnoll hits you from afar with a +0 spear.
Your piece from Xom's chessboard (9/15) has regained one charge.
Your Evocations skill increases to level 2!
You have reached level 4!
You feel stronger.
You slash the gnoll!
You kill the gnoll!
The gnoll hits you from afar with a +0 spear!
* * * LOW HITPOINT WARNING * * *
Your piece from Xom's chessboard (10/15) has regained one charge.
A hobgoblin comes into view.
Found a scroll labelled ILERGH XEIMYLU.
The hobgoblin shouts!
You can read scrolls again.
You make a move on Xom's chessboard...
The gnoll struggles to resist.
You are now a beloved toy of Xom.
Hit: a) +0 falchion (chaos)
Press: ? - help, Dir - move target
Okay, then.
Found an escape hatch in the floor.
The hobgoblin attacks as you move away! The hobgoblin hits you.
* * * LOW HITPOINT WARNING * * *
There is an escape hatch in the floor here.
The hobgoblin hits you but does no damage.
The gnoll hits you from afar with a +0 spear!
You feel threatened and lose the ability to read scrolls!
* * * LOW HITPOINT WARNING * * *
You slide downwards.
The hatch slams shut behind you.
Reactivating autopickup.
You can read scrolls again.
You hit the hobgoblin.
The hobgoblin is moderately wounded.
The hobgoblin hits you.
You die... "What!?
That's it?"

#.# #.# ...
#.# ##.##
#...
###.#########
#..@g.......#
###########.#


You could see a hobgoblin.

Vanquished Creatures
  6 gnolls (D:2)
  A worm (D:2)
  An orc (D:2)
  A ball python (D:2)
  3 bats
  2 endoplasms (D:1)
  2 hobgoblins (D:1)
  4 quokkas
  3 kobolds (D:1)
  2 rats
25 creatures vanquished.

Notes
Turn   | Place    | Note
-------+----------+-------------------------------------------
     0 | D:1      | Lekart the Draconian Chaos Knight began the quest for the
                  | Orb.
     0 | D:1      | Reached XP level 1. HP: 19/19 MP: 1/1
    16 | D:1      | XOM: divination: detect items
   223 | D:1      | Found a faded altar of an unknown god.
   408 | D:1      | XOM: smoke on damage
   418 | D:1      | XOM: smoke on damage
   420 | D:1      | Reached XP level 2. HP: 12/26 MP: 2/2
   734 | D:1      | XOM: give mutations
   734 | D:1      | Gained mutation: You sometimes lose the ability to read
                  | scrolls when taking damage. [Xom's mischief]
   734 | D:1      | Gained mutation: You are frail. (-10% HP) [Xom's mischief]
   734 | D:1      | Gained mutation: You have sharp fingernails. [Xom's
                  | mischief]
   842 | D:1      | Reached skill level 1 in Evocations
  1088 | D:2      | XOM: butterfly on damage
  1090 | D:2      | Reached XP level 3. HP: 9/29 MP: 3/3
  1383 | D:2      | Noticed a gnoll sergeant
  1394 | D:2      | XOM: enchant monster (good)
  1406 | D:2      | Reached skill level 4 in Fighting
  1425 | D:2      | XOM: enchant monster (good)
  1869 | D:2      | XOM: 4-stop teleportation journey
  2034 | D:2      | XOM: enchant monster (bad)
  2064 | D:2      | XOM: 4-stop teleportation journey
  2066 | D:2      | XOM: enchant monster (good)
  2142 | D:2      | Reached XP level 4. HP: 18/36 MP: 4/4
  2160 | D:2      | HP: 1/36 [gnoll/+0 spear (9)]
  2164 | D:3      | Slain by a hobgoblin

Illustrated notes

Levels and vault maps discovered:
D:1:      psy_arrival_heroes, layout_loops_ring, shapermc_ecumenical_altar_gd,
          minmay_misc_feat_four_crosses
D:2:      layout_loops_ring, minmay_misc_feat_five, pf_guarded_unrand_woodcutter
D:3:      layout_loops_ring, serial_shops, nicolae_shop_trees,
          grunt_ministairs_8, supply_closet_lemuel,
          amcnicky_mini_corridor_feature, uniq_crazy_yiuf_cottage

Skill      XL: |  1  2  3 |
---------------+----------+-----
Evocations     | 1 2 |  2.0
Fighting       | 4 |  4.2
Long Blades    | |  3.4
Dodging        | |  2.6

Action                   |  1- 3 |  4- 6 || total
-------------------------+-------+-------++-------
Melee: Falchion          |    87 |     2 ||    89
       Tailslap          |    10 |       ||    10
Evoke: Piece from Xom's  |     8 |     1 ||     9
  Use: Scroll            |     2 |       ||     2
 Stab: Sleeping          |     3 |       ||     3
       Petrified         |     7 |       ||     7
Armor: Skin              |    22 |     1 ||    23
Dodge: Dodged            |    58 |       ||    58

Table legend: (Time is in decaauts)
 A = Elapsed time spent in this place.
 B = Non-inter-level travel time spent in this place.
 C = Inter-level travel time spent in this place.
 D = Time resting spent in this place.
 E = Time spent auto-exploring this place.
 F = Levels seen in this place.
 G = Mean time per level.
                   A        B        C        D        E       F      G
               +--------+--------+--------+--------+--------+-----+--------+
         Total |   2176 |   2105 |     71 |    612 |   1204 |   3 |  725.3 |
       Dungeon |   2176 |   2105 |     71 |    612 |   1204 |   3 |  725.3 |
               +--------+--------+--------+--------+--------+-----+--------+

Top non-repeatable levels by time:
     D:1: 1252 daAuts
     D:2: 921 daAuts
     D:3: 2 daAuts
